[ PARTIDA AOE2 · #477878920 ]
Team RMPersas vs Franks
[ ANÁLISIS DE REPETICIÓN · EXTRAÍDO DE LA PARTIDA GRABADA ]
Feudal
11:28
Castillos
21:45
Imperial
34:16
| APM promedio | 17.7 |
| APM pico | 56 |
| eAPM promedio | 15.6 |
| Aldeanos / militares | 220 / 246 |
Foco
⚔️ 44.9% · 🌾 55.1%
Spearman ×151 · Trade Cart ×36 · Knight ×29 · Scorpion ×25 · Militia ×15 · War Elephant ×12
Feudal
10:55
Castillos
17:44
Imperial
32:51
| APM promedio | 34.2 |
| APM pico | 116 |
| eAPM promedio | 19.8 |
| Aldeanos / militares | 56 / 205 |
Foco
⚔️ 53.6% · 🌾 46.4%
Knight ×104 · Throwing Axeman ×81 · Trebuchet (Packed) ×18 · Trade Cart ×15 · Scout Cavalry ×1 · Monk ×1
Feudal
11:58
Castillos
17:16
Imperial
34:10
| APM promedio | 11.2 |
| APM pico | 31 |
| eAPM promedio | 7.3 |
| Aldeanos / militares | 101 / 184 |
Foco
⚔️ 28.5% · 🌾 71.5%
Spearman ×124 · Militia ×40 · Trebuchet (Packed) ×19 · Monk ×1
Feudal
9:47
Castillos
20:46
Imperial
40:38
| APM promedio | 30.4 |
| APM pico | 87 |
| eAPM promedio | 13.6 |
| Aldeanos / militares | 92 / 169 |
Foco
⚔️ 45.4% · 🌾 54.6%
Mangudai ×138 · Trade Cart ×36 · Mangonel ×18 · Trebuchet (Packed) ×11 · Monk ×2
Mapa de la partida
Recursos al inicio + cada clic de construcción. Línea gruesa = muro · recuadro discontinuo = muro de casas detectado. 🟡 oro · ⚪ piedra · 🟢 bayas · 🔶 jabalí · ⭕ reliquia
Inputs por minuto
— abiisalazar - - Nikolas
Build order — abiisalazar
Primeras 150 de 699 acciones detectadas
| 0:08 | Crear | Villager (Male) |
| 0:09 | Crear | Villager (Male) |
| 0:10 | Crear | Villager (Male) |
| 0:10 | Crear | Villager (Male) |
| 0:11 | Crear | Villager (Male) |
| 0:19 | Construir | House |
| 0:20 | Construir | House |
| 0:22 | Construir | House |
| 1:09 | Investigar | Loom |
| 1:39 | Construir | House |
| 1:41 | Construir | House |
| 1:45 | Construir | House |
| 3:39 | Construir | Mill |
| 5:00 | Crear | Villager (Male) |
| 5:00 | Crear | Villager (Male) |
| 5:01 | Crear | Villager (Male) |
| 5:49 | Crear | Villager (Male) |
| 6:59 | Crear | Villager (Male) |
| 6:59 | Crear | Villager (Male) |
| 7:00 | Crear | Villager (Male) |
| 7:00 | Crear | Villager (Male) |
| 7:27 | Construir | Lumber Camp |
| 7:59 | Crear | Villager (Male) |
| 7:59 | Crear | Villager (Male) |
| 7:59 | Crear | Villager (Male) |
| 8:00 | Crear | Villager (Male) |
| 8:00 | Crear | Villager (Male) |
| 9:24 | Investigar | Feudal Age |
| 10:54 | Construir | Mill |
| 11:12 | Crear | Villager (Male) |
| 11:13 | Crear | Villager (Male) |
| 11:13 | Crear | Villager (Male) |
| 11:13 | Crear | Villager (Male) |
| 11:14 | Crear | Villager (Male) |
| 11:14 | Crear | Villager (Male) |
| 11:14 | Crear | Villager (Male) |
| 11:28 | Edad | Edad Feudal |
| 12:07 | Construir | Mill |
| 12:21 | Investigar | Double-Bit Axe |
| 13:19 | Construir | Blacksmith |
| 13:30 | Crear | Villager (Male) |
| 13:31 | Crear | Villager (Male) |
| 13:31 | Crear | Villager (Male) |
| 13:31 | Crear | Villager (Male) |
| 14:38 | Construir | Farm |
| 14:40 | Construir | Farm |
| 14:41 | Construir | Farm |
| 14:44 | Construir | Farm |
| 14:58 | Construir | Farm |
| 15:07 | Crear | Villager (Male) |
| 15:07 | Crear | Villager (Male) |
| 15:08 | Crear | Villager (Male) |
| 15:08 | Crear | Villager (Male) |
| 15:08 | Crear | Villager (Male) |
| 15:09 | Crear | Villager (Male) |
| 15:09 | Crear | Villager (Male) |
| 15:09 | Crear | Villager (Male) |
| 15:09 | Crear | Villager (Male) |
| 15:27 | Construir | Lumber Camp |
| 16:12 | Investigar | Horse Collar |
| 16:28 | Construir | Market |
| 16:55 | Construir | Mining Camp |
| 17:15 | Construir | House |
| 17:17 | Construir | House |
| 17:18 | Construir | House |
| 17:20 | Construir | House |
| 17:53 | Crear | Villager (Male) |
| 17:54 | Crear | Villager (Male) |
| 17:54 | Crear | Villager (Male) |
| 17:54 | Crear | Villager (Male) |
| 17:54 | Crear | Villager (Male) |
| 17:54 | Crear | Villager (Male) |
| 17:55 | Crear | Villager (Male) |
| 17:55 | Crear | Villager (Male) |
| 17:55 | Crear | Villager (Male) |
| 17:56 | Crear | Villager (Male) |
| 17:56 | Crear | Villager (Male) |
| 17:56 | Crear | Villager (Male) |
| 18:03 | Construir | Farm |
| 18:04 | Construir | Farm |
| 18:05 | Construir | Farm |
| 18:07 | Construir | Farm |
| 18:08 | Construir | Farm |
| 18:15 | Construir | Farm |
| 18:17 | Construir | Farm |
| 18:19 | Construir | Farm |
| 18:20 | Construir | Farm |
| 18:31 | Construir | Farm |
| 19:19 | Investigar | Castle Age |
| 20:31 | Investigar | Scale Barding Armor |
| 21:29 | Construir | House |
| 21:30 | Construir | House |
| 21:32 | Construir | House |
| 21:33 | Construir | House |
| 21:36 | Construir | House |
| 21:45 | Edad | Edad de los Castillos |
| 21:57 | Construir | Town Center |
| 22:09 | Investigar | Chain Barding Armor |
| 22:31 | Construir | Town Center |
| 22:46 | Investigar | Wheelbarrow |
| 22:48 | Investigar | Heavy Plow |
| 22:50 | Investigar | Bow Saw |
| 22:52 | Investigar | Stone Mining |
| 22:52 | Investigar | Gold Mining |
| 22:57 | Crear | Trade Cart |
| 22:58 | Crear | Trade Cart |
| 22:59 | Crear | Trade Cart |
| 23:47 | Construir | Lumber Camp |
| 24:08 | Crear | Villager (Male) |
| 24:08 | Crear | Villager (Male) |
| 24:08 | Crear | Villager (Male) |
| 24:08 | Crear | Villager (Male) |
| 24:09 | Crear | Villager (Male) |
| 24:09 | Crear | Villager (Male) |
| 24:09 | Crear | Villager (Male) |
| 24:09 | Crear | Villager (Male) |
| 24:10 | Crear | Villager (Male) |
| 24:10 | Crear | Villager (Male) |
| 24:10 | Crear | Villager (Male) |
| 24:10 | Crear | Villager (Male) |
| 24:11 | Crear | Villager (Male) |
| 24:23 | Crear | Villager (Male) |
| 24:23 | Crear | Villager (Male) |
| 24:23 | Crear | Villager (Male) |
| 24:24 | Crear | Villager (Male) |
| 24:26 | Crear | Villager (Male) |
| 24:31 | Crear | Villager (Male) |
| 24:31 | Crear | Villager (Male) |
| 24:31 | Crear | Villager (Male) |
| 24:32 | Crear | Villager (Male) |
| 24:32 | Crear | Villager (Male) |
| 24:32 | Crear | Villager (Male) |
| 25:41 | Construir | Monastery |
| 25:46 | Investigar | Hand Cart |
| 25:46 | Investigar | Town Watch |
| 26:25 | Construir | Farm |
| 26:27 | Construir | Farm |
| 26:38 | Construir | Farm |
| 26:44 | Construir | Farm |
| 26:46 | Construir | Farm |
| 27:16 | Construir | Farm |
| 27:19 | Construir | Farm |
| 27:25 | Crear | Villager (Male) |
| 27:26 | Crear | Villager (Male) |
| 27:26 | Crear | Villager (Male) |
| 27:27 | Crear | Villager (Male) |
| 27:35 | Crear | Villager (Male) |
| 27:35 | Crear | Villager (Male) |
| 27:35 | Crear | Villager (Male) |
| 27:50 | Crear | Monk |
Build order — Nikolas
Primeras 150 de 365 acciones detectadas
| 0:04 | Construir | House |
| 0:08 | Construir | House |
| 0:11 | Crear | Villager (Male) |
| 0:11 | Crear | Villager (Male) |
| 0:11 | Crear | Villager (Male) |
| 0:11 | Crear | Villager (Male) |
| 1:44 | Crear | Villager (Male) |
| 1:44 | Crear | Villager (Male) |
| 1:58 | Construir | Lumber Camp |
| 2:00 | Crear | Villager (Male) |
| 2:39 | Crear | Villager (Male) |
| 2:39 | Crear | Villager (Male) |
| 2:40 | Crear | Villager (Male) |
| 3:38 | Crear | Villager (Male) |
| 3:38 | Crear | Villager (Male) |
| 3:38 | Crear | Villager (Male) |
| 3:54 | Construir | House |
| 4:25 | Crear | Villager (Male) |
| 4:25 | Crear | Villager (Male) |
| 4:47 | Crear | Villager (Male) |
| 4:47 | Crear | Villager (Male) |
| 4:47 | Crear | Villager (Male) |
| 5:22 | Crear | Villager (Male) |
| 5:22 | Crear | Villager (Male) |
| 5:23 | Crear | Villager (Male) |
| 5:55 | Crear | Villager (Male) |
| 5:56 | Crear | Villager (Male) |
| 5:59 | Construir | House |
| 6:36 | Crear | Villager (Male) |
| 6:48 | Crear | Villager (Male) |
| 6:49 | Crear | Villager (Male) |
| 7:06 | Construir | Mill |
| 7:56 | Construir | Farm |
| 7:57 | Construir | Farm |
| 8:21 | Construir | Farm |
| 8:22 | Construir | Farm |
| 8:45 | Investigar | Feudal Age |
| 8:56 | Construir | Farm |
| 8:59 | Construir | Farm |
| 9:18 | Construir | House |
| 9:42 | Construir | Mining Camp |
| 10:41 | Crear | Villager (Male) |
| 10:44 | Crear | Villager (Male) |
| 10:55 | Edad | Edad Feudal |
| 10:59 | Construir | Market |
| 11:08 | Crear | Villager (Male) |
| 11:08 | Crear | Villager (Male) |
| 11:46 | Construir | Farm |
| 11:51 | Crear | Villager (Male) |
| 12:21 | Crear | Trade Cart |
| 12:30 | Crear | Villager (Male) |
| 12:44 | Construir | House |
| 12:46 | Construir | House |
| 13:49 | Construir | Blacksmith |
| 14:47 | Construir | Farm |
| 14:48 | Construir | Farm |
| 14:50 | Construir | Farm |
| 14:51 | Construir | Farm |
| 15:04 | Investigar | Castle Age |
| 15:05 | Crear | Villager (Male) |
| 15:05 | Crear | Villager (Male) |
| 15:50 | Construir | Barracks |
| 16:13 | Crear | Trade Cart |
| 16:39 | Investigar | Double-Bit Axe |
| 16:42 | Investigar | Gold Mining |
| 16:42 | Investigar | Stone Mining |
| 17:44 | Edad | Edad de los Castillos |
| 17:47 | Construir | Stable |
| 17:51 | Crear | Villager (Male) |
| 17:52 | Crear | Villager (Male) |
| 18:08 | Crear | Villager (Male) |
| 18:25 | Crear | Villager (Male) |
| 18:49 | Construir | Farm |
| 18:51 | Construir | Farm |
| 18:54 | Construir | Farm |
| 19:02 | Crear | Villager (Male) |
| 19:17 | Crear | Villager (Male) |
| 19:26 | Investigar | Stone Mining |
| 19:26 | Investigar | Gold Shaft Mining |
| 19:31 | Investigar | Bow Saw |
| 19:34 | Crear | Trade Cart |
| 19:39 | Crear | Scout Cavalry |
| 19:46 | Construir | Farm |
| 20:19 | Construir | Mining Camp |
| 20:23 | Crear | Villager (Male) |
| 20:24 | Crear | Villager (Male) |
| 20:46 | Construir | House |
| 21:15 | Investigar | Husbandry |
| 21:15 | Investigar | Light Cavalry (upgrade) |
| 21:15 | Crear | Knight |
| 21:16 | Crear | Knight |
| 21:28 | Construir | House |
| 21:29 | Construir | House |
| 21:36 | Crear | Villager (Male) |
| 21:36 | Crear | Villager (Male) |
| 22:20 | Crear | Villager (Male) |
| 22:20 | Crear | Villager (Male) |
| 22:29 | Construir | Farm |
| 22:30 | Construir | Farm |
| 22:32 | Construir | Farm |
| 22:45 | Crear | Knight |
| 22:46 | Crear | Knight |
| 22:57 | Crear | Villager (Male) |
| 23:13 | Investigar | Scale Barding Armor |
| 23:17 | Crear | Villager (Male) |
| 23:32 | Construir | Farm |
| 23:36 | Crear | Villager (Male) |
| 23:50 | Construir | Castle |
| 23:59 | Crear | Villager (Male) |
| 24:05 | Crear | Knight |
| 24:21 | Crear | Knight |
| 24:32 | Crear | Trade Cart |
| 24:32 | Crear | Trade Cart |
| 25:30 | Construir | Farm |
| 25:31 | Construir | Farm |
| 25:36 | Crear | Knight |
| 25:36 | Crear | Knight |
| 25:43 | Construir | House |
| 25:44 | Construir | House |
| 25:46 | Construir | House |
| 26:06 | Crear | Throwing Axeman |
| 26:13 | Crear | Throwing Axeman |
| 26:13 | Crear | Throwing Axeman |
| 26:26 | Crear | Trade Cart |
| 26:26 | Crear | Trade Cart |
| 26:37 | Investigar | Chain Barding Armor |
| 26:38 | Investigar | Scale Mail Armor |
| 26:50 | Crear | Throwing Axeman |
| 27:05 | Crear | Knight |
| 27:14 | Crear | Trade Cart |
| 27:15 | Crear | Trade Cart |
| 27:49 | Construir | Farm |
| 29:37 | Construir | Monastery |
| 29:41 | Investigar | Imperial Age |
| 30:40 | Crear | Monk |
| 30:52 | Construir | Town Center |
| 30:55 | Construir | Farm |
| 30:59 | Construir | Farm |
| 31:02 | Construir | Farm |
| 31:03 | Construir | Farm |
| 31:06 | Construir | Farm |
| 32:51 | Edad | Edad Imperial |
| 33:19 | Crear | Villager (Male) |
| 33:19 | Crear | Villager (Male) |
| 33:19 | Crear | Villager (Male) |
| 33:21 | Crear | Villager (Male) |
| 33:21 | Crear | Villager (Male) |
| 33:21 | Crear | Villager (Male) |
| 33:24 | Investigar | Cavalier (upgrade) |
| 33:24 | Crear | Knight |
Build order — a23301531
Primeras 150 de 276 acciones detectadas
| 0:03 | Crear | Villager (Male) ×4 |
| 0:07 | Construir | House |
| 0:12 | Construir | House |
| 1:37 | Crear | Villager (Male) |
| 1:54 | Construir | Lumber Camp |
| 1:58 | Crear | Villager (Male) |
| 2:35 | Crear | Villager (Male) |
| 2:36 | Crear | Villager (Male) |
| 2:56 | Crear | Villager (Male) |
| 3:24 | Crear | Villager (Male) |
| 3:41 | Construir | House |
| 3:42 | Construir | House |
| 3:50 | Crear | Villager (Male) |
| 4:30 | Construir | Mill |
| 4:32 | Crear | Villager (Male) |
| 5:08 | Crear | Villager (Male) |
| 5:09 | Crear | Villager (Male) |
| 5:09 | Crear | Villager (Male) |
| 5:26 | Crear | Villager (Male) |
| 5:52 | Crear | Villager (Male) |
| 6:30 | Crear | Villager (Male) |
| 6:30 | Crear | Villager (Male) |
| 7:35 | Crear | Villager (Male) |
| 7:36 | Crear | Villager (Male) |
| 7:51 | Construir | Lumber Camp |
| 8:21 | Crear | Villager (Male) |
| 8:43 | Crear | Villager (Male) |
| 9:12 | Construir | Mining Camp |
| 9:19 | Investigar | Loom |
| 9:44 | Construir | Farm |
| 9:48 | Investigar | Feudal Age |
| 9:57 | Construir | Farm |
| 10:10 | Construir | Farm |
| 10:22 | Construir | Farm |
| 10:27 | Construir | Farm |
| 10:33 | Construir | Farm |
| 10:43 | Construir | Farm |
| 10:59 | Construir | House |
| 11:58 | Edad | Edad Feudal |
| 12:08 | Crear | Villager (Male) |
| 12:09 | Crear | Villager (Male) |
| 12:09 | Crear | Villager (Male) |
| 12:16 | Investigar | Double-Bit Axe |
| 12:23 | Construir | Market |
| 12:27 | Construir | Blacksmith |
| 12:54 | Construir | Farm |
| 13:22 | Construir | Mining Camp |
| 13:40 | Construir | Farm |
| 13:49 | Construir | Farm |
| 13:58 | Construir | Farm |
| 14:19 | Construir | House |
| 14:21 | Construir | House |
| 14:36 | Investigar | Castle Age |
| 14:57 | Investigar | Stone Mining |
| 15:25 | Construir | Barracks |
| 16:30 | Construir | House |
| 16:37 | Construir | House |
| 17:16 | Edad | Edad de los Castillos |
| 17:24 | Construir | Town Center |
| 17:27 | Crear | Villager (Male) |
| 17:27 | Crear | Villager (Male) |
| 17:27 | Crear | Villager (Male) |
| 17:28 | Crear | Villager (Male) |
| 17:33 | Investigar | Bow Saw |
| 17:40 | Construir | Town Center |
| 17:51 | Investigar | Horse Collar |
| 18:47 | Crear | Villager (Male) |
| 18:47 | Crear | Villager (Male) |
| 18:48 | Crear | Villager (Male) |
| 19:15 | Crear | Villager (Male) |
| 19:16 | Crear | Villager (Male) |
| 19:16 | Crear | Villager (Male) |
| 19:16 | Crear | Villager (Male) |
| 19:17 | Crear | Villager (Male) |
| 19:23 | Crear | Villager (Male) |
| 19:51 | Construir | House |
| 19:52 | Construir | House |
| 20:00 | Crear | Villager (Male) |
| 20:07 | Construir | Farm |
| 20:12 | Construir | Farm |
| 20:13 | Crear | Villager (Male) |
| 20:13 | Crear | Villager (Male) |
| 20:26 | Construir | Farm |
| 20:41 | Construir | Farm |
| 20:42 | Crear | Villager (Male) |
| 20:43 | Crear | Villager (Male) |
| 20:43 | Crear | Villager (Male) |
| 21:13 | Construir | Monastery |
| 21:17 | Crear | Villager (Male) |
| 21:17 | Crear | Villager (Male) |
| 21:17 | Crear | Villager (Male) |
| 21:21 | Crear | Villager (Male) |
| 21:51 | Construir | House |
| 21:57 | Crear | Villager (Male) |
| 22:01 | Construir | Farm |
| 22:08 | Crear | Villager (Male) |
| 22:08 | Crear | Villager (Male) |
| 22:16 | Crear | Villager (Male) |
| 22:17 | Crear | Villager (Male) |
| 22:17 | Crear | Villager (Male) |
| 22:25 | Investigar | Heavy Plow |
| 22:34 | Crear | Monk |
| 22:45 | Construir | House |
| 22:46 | Construir | House |
| 22:47 | Construir | House |
| 22:55 | Construir | Farm |
| 22:57 | Crear | Villager (Male) |
| 22:57 | Crear | Villager (Male) |
| 23:10 | Construir | Farm |
| 23:14 | Construir | Farm |
| 23:24 | Construir | Mining Camp |
| 23:31 | Construir | Farm |
| 23:32 | Crear | Villager (Male) |
| 23:32 | Crear | Villager (Male) |
| 23:38 | Construir | Farm |
| 23:41 | Crear | Villager (Male) |
| 23:42 | Crear | Villager (Male) |
| 23:42 | Crear | Villager (Male) |
| 23:58 | Crear | Villager (Male) |
| 23:58 | Crear | Villager (Male) |
| 23:59 | Crear | Villager (Male) |
| 24:27 | Construir | Castle |
| 24:34 | Construir | Farm |
| 24:39 | Construir | Farm |
| 24:49 | Crear | Villager (Male) |
| 24:49 | Crear | Villager (Male) |
| 24:53 | Crear | Villager (Male) |
| 24:53 | Crear | Villager (Male) |
| 24:54 | Crear | Villager (Male) |
| 25:26 | Construir | Farm |
| 25:32 | Investigar | Forging |
| 25:33 | Investigar | Scale Mail Armor |
| 25:34 | Investigar | Fletching |
| 25:35 | Investigar | Padded Archer Armor |
| 25:39 | Crear | Villager (Male) |
| 25:39 | Crear | Villager (Male) |
| 25:44 | Construir | Mining Camp |
| 25:46 | Crear | Villager (Male) |
| 25:46 | Crear | Villager (Male) |
| 25:54 | Construir | Farm |
| 26:03 | Crear | Villager (Male) |
| 26:04 | Crear | Villager (Male) |
| 26:09 | Construir | Lumber Camp |
| 26:16 | Investigar | Wheelbarrow |
| 26:38 | Investigar | Iron Casting |
| 27:00 | Crear | Villager (Male) |
| 27:19 | Crear | Villager (Male) |
| 27:20 | Crear | Villager (Male) |
| 27:51 | Construir | University |
| 27:56 | Investigar | Chain Mail Armor |
Build order — ojesu_
Primeras 150 de 416 acciones detectadas
| 0:04 | Construir | House |
| 0:06 | Crear | Villager (Male) |
| 0:06 | Crear | Villager (Male) |
| 0:07 | Crear | Villager (Male) |
| 0:07 | Crear | Villager (Male) |
| 0:07 | Crear | Villager (Male) |
| 0:09 | Construir | House |
| 1:32 | Crear | Villager (Male) |
| 1:32 | Crear | Villager (Male) |
| 2:24 | Crear | Villager (Male) |
| 2:24 | Crear | Villager (Male) |
| 2:56 | Crear | Villager (Male) |
| 2:56 | Crear | Villager (Male) |
| 3:31 | Construir | House |
| 3:32 | Construir | House |
| 3:40 | Construir | Lumber Camp |
| 3:53 | Crear | Villager (Male) |
| 3:53 | Crear | Villager (Male) |
| 3:53 | Crear | Villager (Male) |
| 3:53 | Crear | Villager (Male) |
| 3:54 | Crear | Villager (Male) |
| 3:54 | Crear | Villager (Male) |
| 5:09 | Crear | Villager (Male) |
| 5:10 | Crear | Villager (Male) |
| 6:50 | Construir | Mill |
| 7:37 | Investigar | Feudal Age |
| 8:57 | Construir | House |
| 8:58 | Construir | House |
| 9:47 | Edad | Edad Feudal |
| 9:48 | Investigar | Wheelbarrow |
| 9:48 | Investigar | Wheelbarrow |
| 9:49 | Investigar | Horse Collar |
| 9:50 | Investigar | Horse Collar |
| 9:51 | Crear | Villager (Male) |
| 9:51 | Crear | Villager (Male) |
| 9:52 | Crear | Villager (Male) |
| 10:20 | Investigar | Double-Bit Axe |
| 10:38 | Construir | Farm |
| 10:46 | Construir | Farm |
| 10:52 | Construir | Farm |
| 11:00 | Construir | Farm |
| 11:22 | Crear | Villager (Male) |
| 11:22 | Crear | Villager (Male) |
| 11:22 | Crear | Villager (Male) |
| 11:32 | Construir | Farm |
| 11:46 | Crear | Villager (Male) |
| 11:46 | Crear | Villager (Male) |
| 11:46 | Crear | Villager (Male) |
| 11:58 | Construir | Farm |
| 12:17 | Construir | Mining Camp |
| 12:36 | Construir | Market |
| 12:53 | Crear | Villager (Male) |
| 12:53 | Crear | Villager (Male) |
| 12:54 | Crear | Villager (Male) |
| 12:54 | Crear | Villager (Male) |
| 12:54 | Crear | Villager (Male) |
| 12:54 | Crear | Villager (Male) |
| 13:05 | Construir | Farm |
| 13:24 | Construir | Farm |
| 13:42 | Crear | Villager (Male) |
| 13:42 | Crear | Villager (Male) |
| 13:43 | Crear | Villager (Male) |
| 13:43 | Crear | Villager (Male) |
| 13:56 | Construir | Farm |
| 14:34 | Crear | Trade Cart |
| 14:35 | Crear | Trade Cart |
| 14:47 | Crear | Villager (Male) |
| 14:47 | Crear | Villager (Male) |
| 14:48 | Crear | Villager (Male) |
| 15:15 | Construir | Farm |
| 15:31 | Crear | Trade Cart |
| 15:32 | Crear | Trade Cart |
| 15:32 | Crear | Trade Cart |
| 16:02 | Construir | House |
| 16:03 | Construir | House |
| 16:07 | Construir | House |
| 16:08 | Construir | House |
| 16:29 | Construir | Farm |
| 16:41 | Construir | Farm |
| 16:48 | Crear | Trade Cart |
| 16:48 | Crear | Trade Cart |
| 17:20 | Construir | Blacksmith |
| 17:44 | Crear | Trade Cart |
| 17:44 | Crear | Trade Cart |
| 17:44 | Crear | Trade Cart |
| 18:06 | Investigar | Castle Age |
| 18:18 | Construir | Mining Camp |
| 18:53 | Investigar | Stone Mining |
| 19:02 | Crear | Villager (Male) |
| 19:03 | Crear | Villager (Male) |
| 19:03 | Crear | Villager (Male) |
| 19:03 | Crear | Villager (Male) |
| 19:13 | Crear | Trade Cart |
| 19:13 | Crear | Trade Cart |
| 19:14 | Crear | Trade Cart |
| 19:14 | Crear | Trade Cart |
| 20:05 | Crear | Villager (Male) |
| 20:06 | Crear | Villager (Male) |
| 20:06 | Crear | Villager (Male) |
| 20:46 | Edad | Edad de los Castillos |
| 20:48 | Construir | Town Center |
| 21:04 | Investigar | Bow Saw |
| 21:47 | Investigar | Fletching |
| 21:47 | Investigar | Padded Archer Armor |
| 21:50 | Investigar | Forging |
| 22:07 | Crear | Villager (Male) |
| 22:07 | Crear | Villager (Male) |
| 22:08 | Crear | Villager (Male) |
| 22:08 | Crear | Villager (Male) |
| 22:08 | Crear | Villager (Male) |
| 22:25 | Crear | Villager (Male) |
| 22:58 | Investigar | Bodkin Arrow |
| 23:50 | Construir | Farm |
| 23:53 | Construir | Farm |
| 23:58 | Construir | Farm |
| 24:04 | Construir | Farm |
| 24:26 | Construir | Mining Camp |
| 24:44 | Construir | Monastery |
| 24:51 | Crear | Trade Cart |
| 24:51 | Crear | Trade Cart |
| 24:54 | Investigar | Caravan |
| 24:59 | Investigar | Hand Cart |
| 25:18 | Crear | Monk |
| 25:19 | Crear | Monk |
| 26:23 | Construir | Castle |
| 27:10 | Construir | Barracks |
| 27:18 | Investigar | Iron Casting |
| 27:22 | Investigar | Leather Archer Armor |
| 27:29 | Crear | Villager (Male) |
| 27:29 | Crear | Villager (Male) |
| 27:29 | Crear | Villager (Male) |
| 27:29 | Crear | Villager (Male) |
| 27:30 | Crear | Villager (Male) |
| 27:30 | Crear | Villager (Male) |
| 27:30 | Crear | Villager (Male) |
| 27:32 | Crear | Villager (Male) |
| 27:37 | Crear | Villager (Male) |
| 27:37 | Crear | Villager (Male) |
| 27:37 | Crear | Villager (Male) |
| 27:37 | Crear | Villager (Male) |
| 27:38 | Crear | Villager (Male) |
| 27:49 | Crear | Villager (Male) |
| 27:49 | Crear | Villager (Male) |
| 27:49 | Crear | Villager (Male) |
| 27:59 | Construir | Castle |
| 29:08 | Crear | Villager (Male) |
| 29:09 | Crear | Villager (Male) |
| 29:15 | Crear | Trade Cart |
| 29:15 | Crear | Trade Cart |
| 29:15 | Crear | Trade Cart |
Cronología de la partida
| 9:47 | ojesu_ · age_up feudal |
| 10:55 | Nikolas · age_up feudal |
| 11:28 | abiisalazar · age_up feudal |
| 11:58 | a23301531 · age_up feudal |
| 15:25 | a23301531 · first_building Barracks |
| 15:50 | Nikolas · first_building Barracks |
| 17:16 | a23301531 · age_up castle |
| 17:44 | Nikolas · age_up castle |
| 17:47 | Nikolas · first_building Stable |
| 20:46 | ojesu_ · age_up castle |
| 21:13 | a23301531 · first_building Monastery |
| 21:45 | abiisalazar · age_up castle |
| 23:50 | Nikolas · first_building Castle |
| 24:27 | a23301531 · first_building Castle |
| 24:44 | ojesu_ · first_building Monastery |
| 25:41 | abiisalazar · first_building Monastery |
| 26:23 | ojesu_ · first_building Castle |
| 27:10 | ojesu_ · first_building Barracks |
| 29:37 | Nikolas · first_building Monastery |
| 31:17 | ojesu_ · first_building Archery Range |
| 31:37 | ojesu_ · first_building Stable |
| 32:18 | ojesu_ · first_market_buy 100 wood |
| 32:51 | Nikolas · age_up imperial |
| 33:35 | abiisalazar · first_building Castle |
| 34:10 | a23301531 · age_up imperial |
| 34:16 | abiisalazar · age_up imperial |
| 37:45 | abiisalazar · first_market_buy 100 stone |
| 38:32 | ojesu_ · first_building Siege Workshop |
| 39:33 | abiisalazar · first_building Barracks |
| 40:38 | ojesu_ · age_up imperial |
| 51:23 | abiisalazar · first_building Siege Workshop |
| 52:39 | abiisalazar · first_building Stable |
| 57:50 | a23301531 · resign |
| 61:24 | abiisalazar · wall_segment Stone Wall x7 |
[ ANÁLISIS IA · 1 CRÉDITO ]
¿Qué pasó realmente en esta partida?
Wolo.gg analiza cada decisión: build order, eco, micro, errores típicos por bracket. Análisis personalizado por WhatsApp o Discord en 30 segundos.
Guía civ
Persas
Guía mapa
Arena
Perfil
abiisalazar